 Dungeon Crawl Stone Soup version 0.30-a0-142-g7370640ec8 (webtiles) character file.

Game seed: 7163553081740570039

23 qw the Shield-Bearer (level 2, -4/19 HPs)
             Began as a Gargoyle Fighter on Sept 26, 2022.
             Slain by a gnoll
             ... wielding a +0 spear
             ... led by a gnoll bouda
              (6 damage)
             ... on level 2 of the Dungeon.
             The game lasted 00:00:21 (1119 turns).

qw the Shield-Bearer (Gargoyle Fighter)             Turns: 1119, Time: 00:00:21

Health: -4/19      AC:  9    Str: 19    XL:     2   Next: 95%
Magic:  2/2        EV:  9    Int:  8    God:
Gold:   45         SH:  4    Dex:  9    Spells: 1/1 levels left

rFire   . . .      SeeInvis .    Y - +0 war axe
rCold   . . .      Faith    .    c - +0 buckler
rNeg    + . .      Spirit   .    b - +0 scale mail
rPois   inf        Reflect  .    (no helmet)
rElec   +          Harm     .    (no cloak)
rCorr   .          Rampage  .    (no gloves)
Will    .....                    (no boots)
Stlth   ..........               (no amulet)
HPRegen 0.06/turn                (no ring)
MPRegen 0.08/turn                (no ring)

@: no status effects
A: sickness immunity, AC +2, negative energy resistance 1, electricity
resistance, torment resistance 1, petrification resistance
a: no special abilities


You were on level 2 of the Dungeon.
You visited 1 branch of the dungeon, and saw 2 of its levels.

You collected 45 gold pieces.


Innate Abilities, Weirdness & Mutations

You are immune to sickness and miasma.
Your stone body is resilient. (AC +2)
You are immune to poison.
You resist negative energy. (rN+)
You are resistant to electric shocks. (rElec)
You are resistant to unholy torment.
You are immune to petrification.


   Skills:
 - Level 3.2 Fighting
 + Level 3.0 Axes
 - Level 3.2 Armour
 - Level 3.2 Shields


You had one spell level left.
You didn't know any spells.
Your spell library was empty.

Inventory:

Hand Weapons
 Y - a +0 war axe (weapon)
Armour
 b - a +0 scale mail (worn)
 c - a +0 buckler (worn)
Scrolls
 a - a scroll of teleportation
Potions
 d - a potion of might
 e - a potion of berserk rage {unknown}
 f - a potion of degeneration {unknown}
 g - a potion of ambrosia {unknown}
 i - a potion of brilliance {unknown}

Dungeon Overview and Level Annotations

Branches:
Dungeon (2/15)

Altars:


Message History

There is a faded altar of an unknown god here.
You open the door.
Found 5 stones.
There is an open door here.
You see here 5 stones.
You now have 45 gold pieces (gained 9).
f - a yellow potion
Enter note:
g - an amethyst potion
Found an escape hatch in the ceiling.
There is an escape hatch in the ceiling here.
Found an escape hatch in the floor.
Found 5 stones.
You hear a shout!
You hear a shout! x2
You hear a shout!
A gnoll comes into view. It is wielding a +0 spear.
1112 ||| Stepping ~*~*~tactically~*~*~ (hiding).
You start waiting.
A gnoll is nearby!
The gnoll hits you from afar with a +0 spear!
A gnoll bouda and a gnoll come into view.
The gnoll is wielding a +0 spear and quivering poisoned darts.
You block the gnoll's attack.
The gnoll bouda gazes fiercely through you!
You feel your attacks grow feeble.
You closely miss the gnoll. The gnoll hits you but does no damage.
You hit the gnoll.
The gnoll is heavily wounded.
The gnoll throws a poisoned dart.
The poisoned dart closely misses you.
You barely miss the gnoll.
The gnoll is heavily wounded.
You hit the gnoll bouda but do no damage.
Your attacks no longer feel as feeble.
The gnoll closely misses you.
The gnoll bouda hits you with a +0 club!
Ouch! That really hurt!
The gnoll hits you with a +0 spear.
You die...

### ## #.. .. .#
#.# 7.# #.## #.#
7P.# ...### #.#
7...#
.....########.#
P.g#
.........(.##.#
..# ......##
#.##.###g#
........
#......@g#
........
#..###.###
...#..#####.#
#.# ...#
...#..###.# ...#
#.#...>..# #.##
#.#.###### #.#
#...# #.###
#.#.#####
....####.#......


You could see a gnoll bouda and 2 gnolls.

Vanquished Creatures
  A worm (D:2)
  A dart slug (D:2)
  4 endoplasms (D:1)
  A giant cockroach (D:2)
  A goblin (D:2)
  3 hobgoblins
  2 jackals (D:1)
  A ball python (D:2)
  A rat (D:1)
15 creatures vanquished.

Vanquished Creatures (others)
  2 plants (D:2)
2 creatures vanquished.

Grand Total: 17 creatures vanquished

Notes
Turn   | Place    | Note
-------+----------+-------------------------------------------
     0 | D:1      | qw the Gargoyle Fighter began the quest for the Orb.
     0 | D:1      | Reached XP level 1. HP: 14/14 MP: 1/1
     0 | D:1      | 0 ||| qw: Version: 0.2-a-10-g399e6c4
     0 | D:1      | 0 ||| qw: Game counter: 473
     0 | D:1      | 0 ||| qw: Always use a shield: true
     0 | D:1      | 0 ||| qw: God list: Okawaru
     0 | D:1      | 0 ||| qw: Allow faded altars: false
     0 | D:1      | 0 ||| qw: Do Orc after D:15 true
     0 | D:1      | 0 ||| qw: Do second Lair branch before Depths: true
     0 | D:1      | 0 ||| qw: Lair rune preference: random
     0 | D:1      | 0 ||| qw: Plans: Normal, Zot:1-4, God:TSO, Crypt, Tomb,
                  | Pan, Slime:5, Hells, Abyss, Orb
     0 | D:1      | 0 ||| PLANNING D:1-11
   221 | D:1      | Reached XP level 2. HP: 17/19 MP: 2/2
   527 | D:1      | 527 ||| READING scroll labelled XYNYTHR MAPUTA.
   528 | D:1      | 528 ||| READING scroll labelled VAMPYTZ JITUTE.
   531 | D:1      | 531 ||| READING 2 scrolls labelled TUCYMN TAEREYM.
   532 | D:1      | 532 ||| READING scroll labelled MUOWUM FEMPIMY.
   533 | D:1      | 533 ||| READING scroll labelled VITUIQ JEROEL.
   534 | D:1      | 534 ||| READING scroll labelled MOEKHL URYMEUN.
   535 | D:1      | 535 ||| READING 3 scrolls labelled QINELILAT ESAZ.
   536 | D:1      | 536 ||| DRINKING 2 black potions.
   537 | D:1      | 537 ||| DROPPING scroll of fog.
   538 | D:1      | 538 ||| DROPPING potion of magic.
   539 | D:1      | 539 ||| DROPPING 2 scrolls of poison.
   571 | D:2      | 571 ||| STAIRDANCE
   577 | D:2      | 577 ||| STAIRDANCE
   589 | D:2      | 589 ||| STAIRDANCE
   889 | D:2      | 889 ||| Stepping ~*~*~tactically~*~*~ (stealth).
   961 | D:2      | 961 ||| Stepping ~*~*~tactically~*~*~ (hiding).
   970 | D:2      | Reached skill level 3 in Axes
  1056 | D:2      | Found a faded altar of an unknown god.
  1112 | D:2      | 1112 ||| Stepping ~*~*~tactically~*~*~ (hiding).
  1119 | D:2      | HP: 2/19 [gnoll bouda/+0 club (10)]
  1119 | D:2      | Slain by a gnoll

Levels and vault maps discovered:
D:1:      matt_arrival_los_fun, layout_rooms, due_unseen_surprise
D:2:      layout_loops_ring, serial_forest, infiniplex_forest_join,
          infiniplex_forest_straight_5, infiniplex_forest_lined_2,
          infiniplex_forest_lined_4_way, infiniplex_forest_straight_3,
          infiniplex_forest_clump_medium, infiniplex_forest_end_double,
          infiniplex_forest_lined_2, infiniplex_forest_clump_small,
          shapermc_ecumenical_altar_notcrosses

Skill      XL: |  1  2 |
---------------+-------+-----
Axes           | 2 3 |  3.0
Fighting       | |  3.2
Armour         | |  3.2
Shields        | |  3.2

Action                   || total
-------------------------++-------
Melee: War axe           ||    52
  Use: Scroll            ||     7
       Potion            ||     1
Armor: Scale mail        ||    18
Dodge: Dodged            ||    20
Block: Buckler           ||    10

Table legend:
 A = Non-vault XP
 B = Vault XP
 C = Vault XP percentage of total XP
 D = Non-vault monster count
 E = Vault monster count
 F = Vault count percentage of total count
                 A         B        C        D         E       F
            +---------+---------+-------+---------+---------+-------
      Total |      33 |       0 |   0.0 |      15 |       0 |   0.0
            +---------+---------+-------+---------+---------+-------
        D:1 |      17 |       0 |   0.0 |       9 |       0 |   0.0
        D:2 |      16 |       0 |   0.0 |       6 |       0 |   0.0
            +---------+---------+-------+---------+---------+-------
